 Dungeon Crawl Stone Soup version 0.18-b1-16-g289874d (webtiles) character file.

58 otab the Skirmisher (level 3, -2/29 HPs)
             Began as a Mummy Chaos Knight on May 1, 2016.
             Slain by a goblin (4 damage)
             ... on level 2 of the Dungeon.
             The game lasted 00:01:44 (8158 turns).

otab the Skirmisher (Mummy Chaos Knight)            Turns: 8158, Time: 00:01:45

Health: -2/29      AC:  5    Str: 15 (16) XL:     3   Next: 75%
Magic:  3/3        EV: 11    Int: 11      God:    Xom [..*...]
Gold:   102        SH:  0    Dex: 11      Spells: 0 memorised, 2 levels left

rFire  x . .     SeeInvis .     a - +0 falchion (chaos)
rCold  + . .     Gourm    .     b - +2 leather armour
rNeg   + + +     Faith    .     (no shield)
rPois  ∞         Spirit   .     (no helmet)
rElec  .         Dismiss  .     (no cloak)
rCorr  .         Reflect  .     (no gloves)
SustAt .         Harm     .     (no boots)
MR     .....                    (no amulet)
Stlth  +.........               (no ring)
                                (no ring)

@: not resistant to hostile enchantments, very unstealthy
A: no food or potions, fire vulnerability, cold resistance 1, negative energy
resistance 3, torment resistance, unbreathing
a: Renounce Religion


You were on level 2 of the Dungeon.
You worshipped Xom.
You were a toy of Xom.
You were not hungry.

You visited 1 branch of the dungeon, and saw 2 of its levels.

You collected 102 gold pieces.

Inventory:

Hand Weapons
 a - a +0 falchion of chaos (weapon)
Armour
 b - a +2 leather armour (worn)
Scrolls
 c - 3 scrolls of identify {unknown}
 d - 4 scrolls of enchant armour {unknown}
 e - a scroll of fog {unknown}
 f - a scroll of random uselessness {unknown}
 g - a scroll of teleportation {unknown}
 i - a scroll of amnesia {unknown}
 j - a scroll of remove curse {unknown}
Books
 h - a book of the Dragon

   Spells                             Type                      Level
   a - Flame Tongue                   Conjuration/Fire             1
   b - Cause Fear                     Hexes                        4
   c - Bolt of Fire                   Conjuration/Fire             6
   d - Dragon Form                    Transmutation                7
   e - Dragon's Call                  Summoning                    9


   Skills:
 + Level 3.6 Fighting
 + Level 2.9 Long Blades
 + Level 2.1 Armour
 + Level 1.1 Dodging
 + Level 0.1 Stealth


You had 2 spell levels left.
You didn't know any spells.

Dungeon Overview and Level Annotations

Branches:
Dungeon (2/15)

Altars:


Innate Abilities, Weirdness & Mutations

You do not eat or drink.
Your flesh is vulnerable to fire.
You are immune to poison.
Your flesh is cold resistant.
You are immune to negative energy.
You are immune to unholy pain and torment.
You can survive without breathing.


Message History

The bat hits you but does no damage. The goblin hits you but does no damage.
The adder closely misses you. The goblin hits you but does no damage.
The bat closely misses you.
Unknown command.
You barely miss the adder.
The adder is almost dead.
The bat hits you but does no damage. The adder barely misses you. x2
The goblin barely misses you.
Unknown command.
You miss the adder.
The adder is almost dead.
The bat closely misses you.
The quokka twitches its whiskers.
The adder bites you.
* * * LOW HITPOINT WARNING * * *
The goblin misses you.
You barely miss the adder.
The adder is almost dead.
The bat barely misses you. The adder misses you. The goblin hits you.
You die...

####.#### #.
#.......##.
#.......#.##
#...?...#..
..........# .#
#.........#...#
#.....g.b.# ..#
#....rS@..#
..### #
####.###..#
.... . #..###.#
# #......# #
#.###..# # #.#
#..##########
#.#
#....).......
#.#
#.###########
..# #.# #


You could see an adder, a quokka, a goblin and a bat.

Vanquished Creatures
  An adder (D:2)
  2 oozes
  2 giant geckos (D:1)
  A ball python (D:1)
  2 giant cockroaches (D:1)
  5 goblins
  9 hobgoblins
  2 jackals (D:2)
  A quokka (D:2)
  A giant newt (D:1)
  4 kobolds
  3 rats (D:1)
33 creatures vanquished.

Notes
Turn   | Place    | Note
--------------------------------------------------------------
     0 | D:1      | otab the Mummy Chaos Knight began the quest for the Orb.
     0 | D:1      | Reached XP level 1. HP: 18/18 MP: 1/1
    51 | D:1      | XOM: harmless Air miscast
    66 | D:1      | Reached XP level 2. HP: 24/24 MP: 2/2
    68 | D:1      | XOM: silly message
   583 | D:1      | XOM: harmless Ice miscast
   666 | D:1      | Reached XP level 3. HP: 26/29 MP: 3/3
   667 | D:1      | Reached skill level 1 in Dodging
  1090 | D:1      | XOM: colour smoke trail
  1484 | D:1      | XOM: mild Summ miscast
  1780 | D:1      | XOM: god gift: metal-bound book {god gift}
  1941 | D:1      | XOM is BORED!
  1941 | D:1      | XOM: medium Erth miscast
  2126 | D:1      | XOM: mild Tloc miscast
  2883 | D:1      | XOM: noise
  3574 | D:1      | XOM: harmless Trmt miscast
  3901 | D:1      | XOM: summons 4 hostile shadow creatures
  3964 | D:1      | XOM: harmless Necr miscast
  4487 | D:1      | XOM: colour smoke trail
  4506 | D:1      | XOM is BORED!
  4506 | D:1      | XOM: severe Ice miscast
  4599 | D:2      | XOM: stat loss: -1 Str (15/16)
  5313 | D:1      | XOM: noise
  5389 | D:1      | XOM: summons 2 hostile shadow creatures
  6132 | D:1      | XOM: summons 3 hostile shadow creatures
  6133 | D:1      | Noticed a wraith
  6742 | D:1      | XOM: medium Erth miscast
  6824 | D:1      | XOM: mild Chrm miscast
  7972 | D:2      | XOM: cast spell 'Summon Butterflies'
  8158 | D:2      | Slain by a goblin

Skill      XL: |  1  2  3 |
---------------+----------+-----
Dodging        | 1 |  1.1
Armour         | 2 |  2.1
Fighting       | |  3.6
Long Blades    | |  2.9
Stealth        | |  0.1

Action                   || total
-------------------------++-------
Melee: Falchion          ||   114
 Stab: Distracted        ||     1
Armor: Leather armour    ||    43
Dodge: Dodged            ||    78
